 Dungeon Crawl Stone Soup version 0.29.0-4-gdea44cf6ec (webtiles) character file.

Game seed: 12335779817472068913

123 Zeldest the Charlatan (level 4, -5/34 HPs)
             Began as a Mummy Artificer on Aug 25, 2022.
             Slain by an ogre
             ... wielding a +0 giant club
              (9 damage)
             ... on level 3 of the Dungeon on Aug 26, 2022.
             The game lasted 00:06:43 (2812 turns).

Zeldest the Charlatan (Mummy Artificer)             Turns: 2812, Time: 00:06:44

Health: -5/34      AC:  5    Str: 17    XL:     4   Next: 79%
Magic:  0/0        EV: 11    Int: 16    God:
Gold:   138        SH:  0    Dex: 12    Spells: 3/3 levels left

rFire   x . .      SeeInvis .   k - +4 falchion of Saltpetre {drain, rElec MP-9 Int+6}
rCold   + + .      Faith    .   (no shield)
rNeg    + + +      Spirit   .   j - +2 robe {rC+}
rPois   ∞          Reflect  .   (no helmet)
rElec   +          Harm     .   h - +0 cloak
rCorr   .          Rampage  .   (no gloves)
Will    .....                   (no boots)
Stlth   +.........              (no amulet)
HPRegen 0.11/turn               (no ring)
MPRegen 0.07/turn               (no ring)

@: no status effects
A: cold resistance 1, negative energy resistance 3, torment resistance 2, heat
vulnerability 1, in touch with death 1, no potions
a: no special abilities


You were on level 3 of the Dungeon.
You visited 1 branch of the dungeon, and saw 3 of its levels.

You collected 138 gold pieces.

Inventory:

Hand Weapons
 k - the +4 falchion of Saltpetre (weapon) {drain, rElec MP-9 Int+6}
   (You found it on level 3 of the Dungeon)

   A truly terrible weapon, it drains the life of any living foe it strikes.
   Int:       It affects your intelligence (+6).
   rElec:     It insulates you from electricity.
   MP:        It affects your magic capacity (-9).
Missiles
 b - a throwing net
Armour
 h - a +0 cloak (worn)
 j - a +2 robe of cold resistance (worn)
Jewellery
 f - a +4 ring of evasion
Wands
 c - a wand of flame (14) (quivered)
 d - a wand of charming (9)
 e - a wand of iceblast (3)
Scrolls
 a - 2 scrolls of teleportation {unknown}
 g - a scroll of identify {unknown}


   Skills:
 + Level 2.7 Fighting
 - Level 1.5 Armour
 - Level 0.7 Dodging
 - Level 0.7 Stealth
 + Level 2.2 Invocations
 + Level 3.2 Evocations


You had 3 spell levels left.
You didn't know any spells.
Your spell library was empty.

Dungeon Overview and Level Annotations

Branches:
Dungeon (3/15)

Altars:


Innate Abilities, Weirdness & Mutations

You are immune to poison.
Your flesh is cold resistant. (rC+)
You are immune to negative energy. (rN+++)
You are immune to unholy pain and torment.
You are vulnerable to heat. (rF-)
You are in touch with the powers of death.
You do not drink.


Message History

A rat is nearby!
A frilled lizard comes into view.
There are monsters nearby!
The rat misses you.
There are monsters nearby!
You hit the rat.
You kill the rat!
The frilled lizard hisses angrily.
An ogre comes into view. It is wielding a +0 giant club.
There are monsters nearby!
A frilled lizard is nearby!
Found 11 gold pieces.
A frilled lizard is nearby!
You miss the frilled lizard. The frilled lizard barely misses you.
You barely miss the frilled lizard. The frilled lizard barely misses you.
The frilled lizard bites you but does no damage.
You completely miss the frilled lizard. The frilled lizard bites you.
You hit the frilled lizard.
You kill the frilled lizard!
No target in view!
Found a stone staircase leading down.
Found an escape hatch in the ceiling.
There is a stone staircase leading down here.
Aiming: Iceblast
Press: ? - help, Shift-Dir - straight line, f - ogre
Aim: an ogre, wielding a +0 giant club (wandering, hasn't noticed you)
The mass of ice explodes!
The iceblast engulfs the ogre!
The ogre is heavily wounded.
You closely miss the ogre.
The ogre is heavily wounded.
The ogre hits you with a +0 giant club!!
Ouch! That really hurt!
You hit the ogre.
The ogre is severely wounded.
The ogre hits you with a +0 giant club!
* * * LOW HITPOINT WARNING * * *
You slash the ogre!
The ogre is almost dead.
The ogre hits you with a +0 giant club!
You die...

###### ######....
#....#... ## #....#.. .#
#....#O# .# ....
##....#@### .#
......#....<..#.#.#.#
##.......#..............
.................#.#.#.#
.....####...###..###
.................###
##.................#
#.................# #..
..##.....###..$#


You could see an ogre.

Vanquished Creatures
  An orc wizard (D:3)
  An adder (D:3)
  2 worms
  A dart slug (D:2)
  4 orcs (D:3)
  6 endoplasms
  3 giant cockroaches
  3 hobgoblins
  4 jackals (D:2)
  5 kobolds
  7 quokkas
  5 ball pythons
  7 bats
  7 frilled lizards
  7 rats
63 creatures vanquished.

Vanquished Creatures (collateral kills)
  2 endoplasms (D:1)
  2 goblins (D:1)
  2 ball pythons (D:2)
  A frilled lizard (D:1)
7 creatures vanquished.

Vanquished Creatures (others)
  An adder (D:2)
  An orc (D:3)
2 creatures vanquished.

Grand Total: 72 creatures vanquished

Notes
Turn   | Place    | Note
-------+----------+-------------------------------------------
     0 | D:1      | Zeldest the Mummy Artificer began the quest for the Orb.
     0 | D:1      | Reached XP level 1. HP: 15/15 MP: 1/1
   161 | D:1      | Reached XP level 2. HP: 12/21 MP: 2/2
   451 | D:1      | Reached skill level 1 in Invocations
   993 | D:2      | Gained mutation: You are in touch with the powers of death.
                  | [Mummy growth]
   993 | D:2      | Reached XP level 3. HP: 14/27 MP: 3/3
  1936 | D:2      | Reached skill level 3 in Evocations
  1966 | D:2      | Found a faded altar of an unknown god.
  2179 | D:3      | Reached XP level 4. HP: 31/33 MP: 5/5
  2556 | D:3      | Identified the +4 falchion of Saltpetre {drain, rElec MP-9
                  | Int+6}
  2661 | D:3      | Upgraded the game from 0.29.0 to 0.29.0-4-gdea44cf6ec
  2795 | D:3      | Noticed an ogre
  2812 | D:3      | Slain by an ogre

Illustrated notes

Levels and vault maps discovered:
D:1:      saegor_arrival_miasma, layout_basic, minmay_misc_feat_nine_boxes,
          st_stairs_2
D:2:      layout_basic, ebering_ecumenical_altar_rust, dk_noncrumbling_4
D:3:      layout_basic, lemuel_coloured_pillars_altar, minmay_misc_feat_hallway

Skill      XL: |  1  2  3  4 |
---------------+-------------+-----
Invocations    | 1 2 |  2.2
Fighting       | 2 |  2.7
Evocations     | 3 |  3.2
Armour         | |  1.5
Dodging        | |  0.7
Stealth        | |  0.7

Action                   |  1- 3 |  4- 6 || total
-------------------------+-------+-------++-------
Melee: Unarmed           |     9 |       ||     9
       Dagger            |    50 |       ||    50
       Quarterstaff      |    95 |    59 ||   154
       Falchion          |       |    15 ||    15
Evoke: Wand              |     5 |     4 ||     9
 Stab: Sleeping          |     3 |       ||     3
Armor: Leather armour    |    57 |    16 ||    73
       Robe              |       |     8 ||     8
Dodge: Dodged            |   124 |    44 ||   168
